 Dungeon Crawl Stone Soup version 0.27.1-1-g398f81649c (webtiles) character file.

Game seed: 12821129569568868120

520 pkoi the Ruffian (level 7, -5/66 HPs)
             Began as a Troll Monk on Sept 16, 2021.
             Splashed by Ijyb's acid (9 damage)
             ... on level 4 of the Dungeon.
             The game lasted 00:04:15 (2305 turns).

pkoi the Ruffian (Troll Monk)                       Turns: 2305, Time: 00:04:16

Health: -5/66      AC:  9    Str: 22    XL:     7   Next: 1%
Magic:  6/6        EV:  6    Int:  6    God:
Gold:   112        SH:  0    Dex: 12    Spells: 6/6 levels left

rFire    . . .     SeeInvis .     - Unarmed
rCold    + . .     Faith    .   (no shield)
rNeg     . . .     Spirit   .   d - +0 shadow dragon scales
rPois    .         Reflect  .   (helmet restricted)
rElec    .         Harm     .   (no cloak)
rCorr    .         Rampage  .   (gloves unavailable)
Will     .....                  (boots unavailable)
Stlth    +++.......             (no amulet)
HPRegen  1.21/turn              i - ring of protection from cold
MPRegen  0.10/turn              (no ring)

@: corroded
A: large, unfitting armour, claws 3, regeneration 1, shaggy fur 1, tough skin 1
a: no special abilities


You were on level 4 of the Dungeon.
You visited 1 branch of the dungeon, and saw 4 of its levels.

You collected 112 gold pieces.

Inventory:

Missiles
 b - 19 poisoned darts
 e - 3 boomerangs (quivered)
Armour
 a - a +0 robe
 d - +0 shadow dragon scales (worn)
Jewellery
 i - a ring of protection from cold (left claw)
 k - a ring of protection from cold
Scrolls
 j - a scroll of teleportation
Potions
 c - a potion of mutation
 g - 2 potions of heal wounds {unknown}
 h - a potion of flight
 l - 4 potions of curing
 m - a potion of brilliance


   Skills:
 - Level 2.4 Fighting
 + Level 2.7 Armour
 - Level 2.4 Dodging
 - Level 1.0 Stealth
 * Level 7.1 Unarmed Combat


You had 6 spell levels left.
You didn't know any spells.
Your spell library contained the following spells:

 Spells                   Type           Power      Damage    Failure   Level
 Animate Skeleton         Necr           0%         N/A       99%         1
 Apportation              Tloc           0%         N/A       99%         1
 Corona                   Hex            0%         N/A       99%         1
 Sandblast                Erth           0%         2d4       99%         1
 Summon Small Mammal      Summ           0%         N/A       99%         1
 Passwall                 Tmut/Erth      0%         N/A       100%        2
 Lee's Rapid Deconstruct  Erth           0%         3d5*      100%        5


Dungeon Overview and Level Annotations

Branches:
Dungeon (4/15)
 Temple: D:4-7

Altars:

Shops:
D:2 (

Annotations:
D:2 Sigmund
D:4 Ijyb


Innate Abilities, Weirdness & Mutations

You are too large for most types of armour.
You have claws for hands.
Your natural rate of healing is unusually fast.
You are covered in fur. (AC +1)
You have tough skin. (AC +1)


Message History

The hobgoblin is severely wounded.
The jelly hits you but does no damage. The goblin hits you but does no damage.
The hobgoblin hits you but does no damage.
You claw the goblin!
You kill the goblin!
The jelly hits you but does no damage. The hobgoblin closely misses you.
The hobgoblin throws a stone.
The stone hits you.
Things that are here:
a +0 dagger; a goblin corpse Ijyb zaps a wand.
The bolt of acid hits the jelly.
The jelly completely resists.
The bolt of acid hits you!!
* * * LOW HITPOINT WARNING * * *
The acid corrodes you!
You are splashed with acid!
* * * LOW HITPOINT WARNING * * *
Ijyb zaps a wand.
The bolt of acid hits the hobgoblin!
The hobgoblin is splashed with acid.
The hobgoblin dies!
The bolt of acid hits the jelly.
The jelly completely resists.
The bolt of acid misses you.
You scratch the jelly.
Your claws burn!
* * * LOW HITPOINT WARNING * * *
The jelly is almost dead.
The jelly hits you but does no damage.
You scratch the jelly.
You kill the jelly!
You have reached level 7!
Ijyb screams, "Level is mine!
All mine!"
Ijyb barely misses you.
Items here: $ ( ) †.
You scratch Ijyb but do no damage. Ijyb hits you with a +0 club.
* * * LOW HITPOINT WARNING * * *
You scratch Ijyb.
Ijyb is lightly wounded.
Ijyb hits you but does no damage.
Unknown command.
It was a potion of curing.
You feel better.
Ijyb zaps a wand.
The bolt of acid hits you!
* * * LOW HITPOINT WARNING * * *
You are splashed with acid!
You die...

#.# ##### #.# #...####.##
# ##### ###.......... ##.
#...####.......#.#.# ....
#...............###. #....
#...####.......#.#..
#.....##$#######...####...
#......g@....##...# ###.
##....#.####.###.## #.
#....#.# # #.# #.
#....))..# #<# #.
#.#......... ..# #.
#.##.......^..... #. #
#.....##.##### #. #.....#
# #. ####.># #.#####.


You could see Ijyb.

Vanquished Creatures
  An ogre (D:4)
  4 wights (D:4)
  A jelly (D:4)
  2 orc priests (D:3)
  2 orc wizards (D:3)
  Terence (D:1)
  An adder (D:3)
  An ufetubus (D:4)
  An adder skeleton (D:4)
  A worm (D:2)
  2 dart slugs
  6 orcs (D:3)
  8 ball pythons
  3 endoplasms (D:1)
  8 giant cockroaches
  3 hobgoblins
  11 kobolds
  3 quokkas (D:3)
  6 bats
  2 frilled lizards
  7 goblins
  3 rats
77 creatures vanquished.

Vanquished Creatures (others)
  A hobgoblin (D:4)
  6 plants
7 creatures vanquished.

Grand Total: 84 creatures vanquished

Notes
Turn   | Place    | Note
-------+----------+-------------------------------------------
     0 | D:1      | pkoi the Troll Monk began the quest for the Orb.
     0 | D:1      | Reached XP level 1. HP: 22/22 MP: 0/0
    94 | D:1      | Reached XP level 2. HP: 29/29 MP: 1/1
   159 | D:1      | Found a faded altar of an unknown god.
   223 | D:1      | Reached skill level 4 in Unarmed Combat
   616 | D:2      | Found Qeupt's Weapon Shoppe.
   701 | D:2      | Noticed Sigmund
   703 | D:2      | Noticed Terence
   729 | D:1      | Killed Terence
   730 | D:1      | Reached XP level 3. HP: 35/36 MP: 2/2
  1292 | D:3      | Reached XP level 4. HP: 44/44 MP: 3/3
  1313 | D:3      | Reached skill level 5 in Unarmed Combat
  1342 | D:3      | Reached skill level 1 in Armour
  1344 | D:3      | Reached XP level 5. HP: 43/50 MP: 4/4
  1504 | D:3      | You fall into a shaft and drop 1 floor!
  1521 | D:4      | Reached skill level 6 in Unarmed Combat
  1523 | D:4      | Reached XP level 6. HP: 47/59 MP: 5/5
  1772 | D:3      | You fall into a shaft and drop 1 floor!
  2288 | D:4      | Reached skill level 7 in Unarmed Combat
  2288 | D:4      | Noticed Ijyb
  2301 | D:4      | Reached XP level 7. HP: 11/66 MP: 6/6
  2305 | D:4      | Splashed by Ijyb's acid

Illustrated notes

Levels and vault maps discovered:
D:1:      dpeg_arrival_shrine, layout_loops_ring,
          shapermc_ecumenical_altar_acropolis
D:2:      layout_rooms, serial_shops, shop, serial_glass, glass_columns_a,
          glass_columns_a, due_unseen_surprise, item_on_display_a,
          amethyst_killhole, minmay_splitting_lines, corner_web_ring,
          guppyfry_early_lair_pool, uniq_sigmund, uniq_terence
D:3:      layout_basic, portal_sewer_entry_f
D:4:      layout_loops_ring, serial_shops, nicolae_shop_overgrown_old_shop,
          uniq_ijyb

Skill      XL: |  1  2  3  4  5  6 |
---------------+-------------------+-----
Unarmed Combat | 4 5 6 7 |  7.1
Armour         | 1 2 |  2.7
Fighting       | |  2.4
Dodging        | |  2.4
Stealth        | |  1.0

Action                   |  1- 3 |  4- 6 |  7- 9 || total
-------------------------+-------+-------+-------++-------
Melee: Unarmed           |   103 |   107 |     2 ||   212
       Punch             |     1 |     2 |       ||     3
  Use: Scroll            |     4 |     5 |       ||     9
       Potion            |       |       |     1 ||     1
 Stab: Sleeping          |     4 |     2 |       ||     6
Armor: Robe              |    23 |       |       ||    23
       Shadow dragon sca |    13 |    97 |     1 ||   111
Dodge: Dodged            |    45 |    39 |     1 ||    85
